 Dungeon Crawl Stone Soup version 0.29-a0-468-ge57f7f99b4 (console) character file.

Game seed: 14346629950768549287

17 jejorda2 the Poker (level 2, -3/24 HPs)
             Began as a Merfolk Fighter on May 21, 2022.
             Slain by a phantom (6 damage)
             ... on level 3 of the Dungeon.
             The game lasted 00:01:41 (534 turns).

jejorda2 the Poker (Merfolk Fighter)                 Turns: 534, Time: 00:01:42

Health: -3/24      AC:  6    Str: 16    XL:     2   Next: 62%
Magic:  2/2        EV:  8    Int:  7    God:
Gold:   20         SH:  4    Dex: 13    Spells: 1/1 levels left

rFire   . . .      SeeInvis .   a - +0 trident
rCold   . . .      Faith    .   c - +0 buckler
rNeg    . . .      Spirit   .   b - +0 scale mail
rPois   .          Reflect  .   (helmet restricted)
rElec   .          Harm     .   (no cloak)
rCorr   .          Rampage  .   (no gloves)
Will    .....                   (no boots)
Stlth   ..........              (no amulet)
HPRegen 0.08/turn               (no ring)
MPRegen 0.08/turn               (no ring)

@: mighty, attractive
A: (nimble swimmer 2), mertail, antennae 1
a: no special abilities


You were on level 3 of the Dungeon.
You visited 1 branch of the dungeon, and saw 4 of its levels.

You collected 20 gold pieces.

Inventory:

Hand Weapons
 a - a +0 trident (weapon)
Missiles
 f - 3 boomerangs (quivered)
Armour
 b - a +0 scale mail (worn)
 c - a +0 buckler (worn)
Scrolls
 g - a scroll of poison {unknown}
 h - a scroll of enchant armour {unknown}
 i - a scroll of noise {unknown}


   Skills:
 + Level 3.5 Fighting
 * Level 3.5 Polearms
 + Level 2.3 Armour
 - Level 3.0 Shields


You had one spell level left.
You didn't know any spells.
Your spell library was empty.

Dungeon Overview and Level Annotations

Branches:
Dungeon (4/15)
 Temple: D:4-7

Altars:


Innate Abilities, Weirdness & Mutations

((You are very nimble when in or above water. (Stealth+, EV+, Speed+++)))
Your lower body shifts to a powerful aquatic tail in water.
You have a pair of small antennae on your head.


Message History

What are your orders? t - Shout!
Orders for allies: a - Attack new target. r - Retreat! s - Stop attacking. g - Guard the area. f - Follow me.
Anything else - Cancel.
You shout for attention!
You hear a shout!
You start waiting.
A phantom comes into view.
The phantom hits you.
You climb upwards.
There is a stone staircase leading down, spattered with blood here.
You barely miss the phantom. The phantom hits you.
The phantom blinks!
You blink.
You hit the phantom.
The phantom is lightly damaged.
You block the phantom's attack. The phantom hits you.
The phantom blinks!
You blink.
You are too injured to fight recklessly!
You miss the phantom.
The phantom is lightly damaged.
The phantom hits you but does no damage.
You barely miss the phantom.
The phantom is lightly damaged.
The phantom hits you.
* * * LOW HITPOINT WARNING * * *
The phantom blinks!
You blink.
Unknown command.
It was a potion of mutation.
You feel extremely strange. A pair of antennae grows on your head!
The phantom hits you but does no damage.
It was a potion of attraction.
You feel attractive to monsters.
The phantom hits you but does no damage.
You barely miss the phantom.
The phantom is lightly damaged.
The phantom completely misses you.
You feel very mighty all of a sudden. The phantom hits you.
You die...

#....#
..###....
#.#......
#...^...
##.....#
#......#
#.....##
##รท..##
##...@.##
##.....W.##
#.........#
+.....<...+
#.........#
##..)>...##
##.....##
##...##
##+##


You could see a phantom.

Vanquished Creatures
  A gnoll (D:3)
  An endoplasm (D:1)
  A hobgoblin (D:1)
  2 kobolds (D:1)
  A ball python (D:1)
  A bat (D:1)
  2 rats
9 creatures vanquished.

Notes
Turn   | Place    | Note
-------+----------+-------------------------------------------
     0 | D:1      | jejorda2 the Merfolk Fighter began the quest for the Orb.
     0 | D:1      | Reached XP level 1. HP: 18/18 MP: 1/1
   171 | D:1      | Reached XP level 2. HP: 20/24 MP: 2/2
   521 | D:4      | Noticed a phantom
   531 | D:3      | Gained mutation: You have a pair of small antennae on your
                  | head. [potion of mutation]
   534 | D:3      | Slain by a phantom

Illustrated notes

Levels and vault maps discovered:
D:1:      dpeg_arrival_triangle_fractal, layout_loops_ring
D:2:      layout_loops_cross, minmay_fractal_squares_gapless_5
D:3:      layout_loops_corners, chequers_ecumenical_altar_simple_redux
D:4:      layout_loops_ring, mainiacjoe_overflow_brackets,
          kennysheep_generic_room_4

Skill      XL: |  1 |
---------------+----+-----
Polearms       | 3 |  3.5
Fighting       | |  3.5
Armour         | |  2.3
Shields        | |  3.0

Action                   || total
-------------------------++-------
Melee: Trident           ||    23
Throw: Boomerang         ||     2
  Use: Potion            ||     3
Armor: Scale mail        ||     7
Dodge: Dodged            ||     5
Block: Buckler           ||     2

Table legend: (Time is in decaauts)
 A = Elapsed time spent in this place.
 B = Non-inter-level travel time spent in this place.
 C = Inter-level travel time spent in this place.
 D = Time resting spent in this place.
 E = Time spent auto-exploring this place.
 F = Levels seen in this place.
 G = Mean time per level.
                   A        B        C        D        E       F      G
               +--------+--------+--------+--------+--------+-----+--------+
         Total |    538 |    488 |     50 |    182 |    173 |   4 |  134.5 |
       Dungeon |    538 |    488 |     50 |    182 |    173 |   4 |  134.5 |
               +--------+--------+--------+--------+--------+-----+--------+

Top non-repeatable levels by time:
     D:1: 236 daAuts
     D:3: 221 daAuts
     D:4: 74 daAuts
     D:2: 6 daAuts
